 Dungeon Sprint DCSS version 0.17-a0-1210-g1e4f09d (webtiles) character file.

718 Kidiri the Covert (level 7, -8/41 HPs)
             Began as a Spriggan Assassin on June 3, 2015.
             Mangled by a vampire mosquito (10 damage)
             ... in the Dungeon (Sprint II: "The Violet Keep of Menkaure").
             The game lasted 00:03:46 (377 turns).

Kidiri the Covert (Spriggan Assassin)                Turns: 377, Time: 00:03:46

Health: -8/41      AC:  3    Str:  7    XL:     7   Next: 42%
Magic:  8/8        EV: 27    Int: 13    God:
Gold:   972        SH:  0    Dex: 19    Spells: 0 memorised, 6 levels left

rFire  . . .     SeeInvis +     a - +2 dagger
rCold  . . .     Clarity  .     c - +0 robe
rNeg   . . .     SustAt   .     (shield restricted)
rPois  .         Gourm    .     (helmet restricted)
rElec  .         Spirit   .     d - +0 cloak
rCorr  .         Warding  .     (gloves unavailable)
rMut   .         NoTele   +     (boots unavailable)
MR     +....                    (no amulet)
Stlth  +++.......               (no ring)
                                (no ring)

@: very quick, somewhat resistant to hostile enchantments, fairly stealthy
A: unfitting armour, see invisible, herbivore 3, speed 3, slow metabolism 2
a: no special abilities


You were in the Dungeon.
You were not hungry.

You visited 1 branch You collected 972 gold pieces.

Inventory:

Hand weapons
 a - a +2 dagger (weapon)
 b - a +0 blowgun
Missiles
 e - 7 poisoned needles
Armour
 c - a +0 robe (worn)
 d - a +0 cloak (worn)
Scrolls
 m - a scroll of blinking
Potions
 h - a potion of curing
 j - a potion of haste
 k - 2 potions of magic
 l - a potion of berserk rage
Comestibles
 g - a bread ration


   Skills:
 * Level 6.3 Fighting
 * Level 7.9 Short Blades
 * Level 8.3 Throwing
 * Level 10.3 Dodging
 * Level 12.4 Stealth


You had 6 spell levels left.
You didn't know any spells.

Dungeon Overview and Level Annotations

Branches:
Dungeon (1/1)

Altars:

Shops:
D ?![(!?=[:[%


Innate Abilities, Weirdness & Mutations

You are tiny and cannot use many weapons and most armour.
You have supernaturally acute eyesight.
You are a herbivore.
You cover ground extremely quickly.
You need consume almost no food.


Message History

Drink which item? (? for menu, Esc to quit)
You feel much better. The vampire mosquito misses you.
The vampire mosquito bites you!
Your unstable footing causes you to fumble your attack.
The vampire mosquito bites you.
A kraken comes into view.
The vampire mosquito bites you.
Found 81 gold pieces.
Your unstable footing causes you to fumble your attack.
The hippogriff screeches!
The vampire mosquito misses you.
The vampire mosquito completely misses you.
Tentacles burst out of the water!
The tentacle closely misses you. The tentacle barely misses you.
The tentacle slaps you!
* * * LOW HITPOINT WARNING * * *
The vampire mosquito closely misses you.
The tentacle completely misses you. x2
The vampire mosquito bites you!
You die...

### ≈ #≈## §§
########≈≈#+++#+
#######≈≈≈*.w.
......#≈≈**X##+#
.⌠....#≈www###.###
∩.∩...#≈@≈≈#..#.†#
.∩.∩..#≈y####.#.####
∩.∩.∩.#≈##.###'###.##
...∩.∩#≈#.#.##.##...#
....∩.+≈+###'.<.'###+
.....∩#≈#.#.##†##...#
▓▓▓▓###≈##.###'###.##
H######≈≈####..#####
H ##(≈≈#..##†# ≈


You could see a kraken, 4 tentacles and a vampire mosquito.

Vanquished Creatures
  2 boulder beetles (D)
  2 hippogriffs (D)
  4 worker ants (D)
  3 worms (D)
11 creatures vanquished.

Vanquished Creatures (others)
  Menkaure (D)
  13 tentacle segments (D)
14 creatures vanquished.

Grand Total: 25 creatures vanquished

Notes
Turn   | Place    | Note
--------------------------------------------------------------
     0 | D        | Kidiri the Spriggan Assassin began the quest for the Orb.
     0 | D        | Reached XP level 1. HP: 10/10 MP: 2/2
     1 | D        | Noticed a worker ant
     1 | D        | Noticed a worker ant
     1 | D        | Noticed a worker ant
     1 | D        | Noticed a worker ant
     5 | D        | Killed a worker ant
     5 | D        | Reached skill level 7 in Stealth
     5 | D        | Reached XP level 2. HP: 14/16 MP: 3/3
     6 | D        | Killed a worker ant
     6 | D        | Reached XP level 3. HP: 17/20 MP: 4/4
     9 | D        | Killed a worker ant
     9 | D        | Reached skill level 8 in Stealth
     9 | D        | Reached XP level 4. HP: 20/24 MP: 5/5
    11 | D        | Killed a worker ant
    11 | D        | Reached skill level 5 in Dodging
    16 | D        | Killed Menkaure
    76 | D        | Noticed a hippogriff
    76 | D        | Noticed a hippogriff
    79 | D        | Killed a hippogriff
    79 | D        | Reached skill level 5 in Short Blades
    79 | D        | Reached skill level 10 in Stealth
    79 | D        | Reached XP level 5. HP: 27/30 MP: 6/6
    82 | D        | Found Vaditiops's Food Shop.
    83 | D        | Found Gilell's Armour Boutique.
    83 | D        | Found Tyfeuqy's Jewellery Shop.
    83 | D        | Found Vobran's Antique Armour Shop.
    83 | D        | Found Heval's Distillery.
    83 | D        | Found Ulun's Magic Scroll Boutique.
    83 | D        | Found Yxtyjoa's Armour Shop.
    83 | D        | Found Haatuzel's Antique Weapon Shop.
   114 | D        | Killed a hippogriff
   114 | D        | Reached skill level 5 in Fighting
   114 | D        | Reached skill level 11 in Stealth
   114 | D        | Reached XP level 6. HP: 25/35 MP: 7/7
   213 | D        | Noticed a boulder beetle
   213 | D        | Noticed a boulder beetle
   216 | D        | Killed a boulder beetle
   216 | D        | Reached XP level 7. HP: 37/39 MP: 8/8
   310 | D        | Killed a boulder beetle
   310 | D        | Reached skill level 10 in Dodging
   310 | D        | Reached skill level 12 in Stealth
   342 | D        | Noticed an orange crystal statue
   353 | D        | Found Borghus's Book Boutique.
   357 | D        | Noticed a vampire mosquito
   364 | D        | Found Fokhiup's Distillery.
   364 | D        | Found Gewyl's Magic Scroll Boutique.
   366 | D        | Noticed a hippogriff
   372 | D        | Noticed a kraken
   372 | D        | Noticed a hippogriff
   376 | D        | HP: 2/41 [tentacle[a kraken] (12)]
   377 | D        | Mangled by a vampire mosquito

Vault maps used:
D:        the_violet_keep_of_menkaure

Action                   |  1- 3 |  4- 6 |  7- 9 || total
-------------------------+-------+-------+-------++-------
Melee: Dagger            |     3 |     7 |    14 ||    24
 Fire: Blowgun           |       |     6 |     5 ||    11
  Use: Potion            |       |       |     1 ||     1
 Stab: Sleeping          |     3 |     5 |     2 ||    10
       Distracted        |       |     1 |       ||     1
